Map: Ruines d’Endion

Players

Slent - Winner!

  • Race: Protoss Protoss
  • League: Silver
  • Spawn Location: 5:00

zidar

  • Race: Zerg Zerg
  • League: Gold
  • Spawn Location: 7:00

VOD

Have the link to the VOD?

Description

Time

  • Played on: June 14, 2016, 12:21 p.m.
  • Length: 15:19
Show
View Real Time Build Order
Export as new Build Order

Slent Protoss - Winner!

Build Orders: Oracle Opening 

Get SALT Encoding   

  12  0:01  Probe (Chrono Boost)  
  13  0:11  Probe (Chrono Boost)  
  14  0:20  Pylon  
  14  0:22  Probe (Chrono Boost)  
  15  0:38  Probe (Chrono Boost)  
  15  0:40  Gateway  
  16  0:48  Probe (Chrono Boost)  
  17  0:53  Assimilator  
  17  0:58  Assimilator  
  17  1:01  Probe (Chrono Boost)  
  18  1:12  Probe (Chrono Boost)  
  19  1:23  Pylon  
  19  1:27  Cybernetics Core  
  19  1:30  Zealot (Chrono Boost)  
  21  1:35  Probe (Chrono Boost)  
  22  1:45  Probe (Chrono Boost)  
  23  1:59  Probe (Chrono Boost)  
  24  2:08  Stargate  
  24  2:10  Probe (Chrono Boost), Warp Gate  
  24  2:20  Sentry, Probe (Chrono Boost)  
  27  2:31  Probe (Chrono Boost)  
  28  2:42  Probe (Chrono Boost)  
  29  2:58  Pylon  
  29  3:09  Pylon  
  29  3:14  Gateway x2  
  29  3:15  Oracle (Chrono Boost)  
  29  3:17  Gateway  
  32  3:25  Probe  
  33  3:38  Probe  
  34  3:44  Forge  
  34  3:49  Stalker  
  34  3:50  Oracle (Chrono Boost)  
  34  3:51  Probe  
  40  3:56  Pylon  
  40  4:03  Probe  
  41  4:16  Probe  
  42  4:25  Oracle (Chrono Boost)  
  42  4:26  Protoss Ground Weapons Level 1 (Chrono Boost)  
  42  4:29  Stalker  
  42  4:30  Stalker  
  49  4:51  Stalker  
  51  4:54  Probe  
  52  5:03  Pylon  
  52  5:24  Nexus  
  52  5:26  Probe  
  52  5:27  Pylon  
  53  5:30  Twilight Council  
  53  5:40  Probe  
  54  5:45  Stalker x3  
  60  5:54  Probe  
  61  6:07  Probe  
  61  6:11  Photon Cannon  
  62  6:13  Photon Cannon  
  62  6:19  Pylon  
  62  6:22  Protoss Ground Weapons Level 2 (Chrono Boost)  
  62  6:30  Gateway  
  62  6:34  Sentry x2  
  62  6:36  Pylon  
  62  6:37  Probe  
  67  6:46  Probe  
  65  7:09  Stalker x4  
  73  7:16  Assimilator  
  73  7:20  Assimilator  
  73  7:22  Robotics Facility  
  73  7:52  Zealot x5  
  73  7:53  Probe  
  73  7:54  Probe  
  85  8:03  Probe  
  86  8:16  Sentry  
  86  8:17  Sentry x2  
  86  8:18  Nexus  
  92  8:20  Pylon  
  92  8:23  Probe  
  92  8:24  Probe  
  94  8:42  Protoss Ground Weapons Level 3 (Chrono Boost)  
  94  8:47  Stalker x3  
  100  8:55  Immortal (Chrono Boost)  
  104  9:10  Photon Cannon  
  104  9:12  Photon Cannon  
  104  9:20  Charge (Chrono Boost)  
  104  9:27  Probe x2  
  106  9:33  Immortal  
  110  9:42  Zealot x2  
  114  9:47  Pylon  
  111  10:12  Phoenix  
  110  10:17  Zealot x4  
  110  10:19  Immortal  
  122  10:29  Probe  
  122  10:32  Assimilator  
  122  10:34  Assimilator  
  123  10:39  Probe  
  124  10:45  Pylon, Stalker x4  
  132  11:01  Probe, Pylon  
  132  11:03  Immortal  
  137  11:04  Pylon  
  137  11:11  Pylon  
  111  11:26  Stalker x5  
  117  11:42  Immortal (Chrono Boost)  
  117  11:46  Gateway  
  121  11:47  Gateway  
  121  11:54  Protoss Ground Armor Level 1  
  121  11:56  Sentry x3  
  121  11:57  Sentry  
  129  12:04  Gateway  
  129  12:16  Zealot  
  129  12:20  Observer (Chrono Boost)  
  132  12:27  Sentry x2  
  132  12:28  Zealot x2  
  140  12:39  Probe x2  
  140  12:42  Probe  
  143  12:50  Zealot  
  143  12:51  Probe, Zealot x4  
  146  12:52  Zealot x2  
  146  12:55  Pylon  
  146  12:56  Blink (Chrono Boost)  
  149  13:14  Zealot x3  
  149  13:15  Zealot x2  
  147  13:33  Sentry x2  
  149  13:36  Gateway  
  149  13:41  Gateway  
  149  13:46  Pylon  
  149  13:52  Zealot x3  
  149  13:53  Zealot  
  149  13:54  Immortal  
  114  14:05  Sentry x3  
  114  14:06  Sentry  
  116  14:11  Probe  
  116  14:12  Probe x2  
  119  14:35  Zealot x4  
  119  14:36  Zealot x3  
  117  14:58  Sentry x3  
  117  14:59  Sentry x4  
  127  15:16  Zealot x3  
Show
View Real Time Build Order
Export as new Build Order

zidar Zerg 

Build Orders: Pool First 

Get SALT Encoding   

  12  0:01  Drone  
  13  0:12  Overlord  
  13  0:18  Drone  
  14  0:31  Drone x2  
  14  0:34  Drone  
  17  0:46  Spawning Pool  
  17  0:49  Drone  
  17  1:13  Hatchery  
  17  1:14  Drone  
  17  1:23  Extractor, Drone  
  17  1:32  Queen  
  17  1:36  Zergling x2  
  17  1:39  Zergling x2  
  21  1:53  Drone  
  21  2:14  Overlord x2  
  21  2:20  Queen, Extractor  
  22  2:27  Drone x2  
  25  2:32  Metabolic Boost  
  25  2:49  Drone x5  
  30  3:04  Spore Crawler  
  29  3:10  Spore Crawler  
  29  3:12  Drone x4  
  32  3:13  Drone  
  33  3:23  Roach Warren  
  32  3:40  Extractor  
  31  3:46  Drone x9  
  40  3:56  Lair  
  40  4:04  Pneumatized Carapace  
  38  4:33  Spore Crawler  
  36  4:51  Drone x3  
  37  5:03  Hydralisk Den  
  36  5:17  Spore Crawler  
  35  5:22  Drone x8  
  35  5:23  Drone  
  35  5:26  Overlord x6  
  44  5:41  Extractor  
  44  5:42  Extractor  
  42  5:50  Overseer  
  42  5:54  Drone x4  
  46  5:59  Drone  
  46  6:00  Hatchery  
  43  6:11  Queen  
  43  6:17  Hydralisk x7  
  59  6:22  Muscular Augments  
  59  6:23  Hydralisk x2  
  59  6:24  Hydralisk  
  65  6:35  Drone x3  
  68  6:57  Evolution Chamber  
  68  7:00  Evolution Chamber  
  66  7:08  Queen  
  64  7:20  Drone x12  
  64  7:22  Queen  
  78  7:28  Zerg Missile Weapons Level 1, Zerg Ground Armor Level 1  
  75  8:08  Drone x10  
  85  8:13  Spore Crawler  
  85  8:14  Spore Crawler  
  85  8:19  Hydralisk x3  
  89  8:29  Zergling x2  
  89  8:31  Overlord x5  
  90  9:00  Extractor  
  89  9:05  Hydralisk x8  
  89  9:06  Zergling x2  
  89  9:07  Zergling x6  
  109  9:32  Hatchery, Zerg Ground Armor Level 2  
  109  9:33  Zerg Melee Weapons Level 1  
  109  9:35  Hydralisk, Infestation Pit  
  109  9:36  Hydralisk x8  
  125  9:54  Zergling x2  
  125  9:55  Zergling x8  
  126  10:14  Zergling x8  
  126  10:17  Overlord x5  
  126  10:20  Hive  
  130  10:37  Zergling x2  
  130  10:38  Zergling x10  
  136  10:59  Queen  
  136  11:04  Zergling x24  
  149  11:11  Hatchery  
  111  11:34  Hydralisk  
  111  11:35  Hydralisk x5  
  111  11:36  Zergling x18  
  132  11:49  Hydralisk  
  132  11:50  Hydralisk x6  
  146  12:01  Drone  
  147  12:06  Hydralisk x5  
  157  12:17  Zergling x2  
  157  12:18  Zergling x6  
  157  12:21  Zerg Ground Armor Level 3  
  161  12:23  Adrenal Glands  
  161  12:32  Zergling x2  
  161  12:33  Zergling x22  
  173  12:43  Overseer x2  
  173  12:45  Overseer  
  147  13:18  Zergling x10  
  147  13:19  Zergling x14, Hydralisk  
  159  13:20  Hydralisk x6  
  157  13:34  Overlord x5  
  90  14:07  Zergling x2  
  90  14:08  Zergling x42  
  66  14:45  Zergling x36  
  70  15:04  Hatchery  
Tags
 
Add a new tag
Caveats
  • Supply blocks, unpowered buildings, or Contaminate may cause inaccurate times.
  • Supply counts are checked every 10 seconds.